 Dungeon Crawl Stone Soup version 0.28.0-49-g6dfe1f597d (webtiles) character file.

Game seed: 13452261054644012289

12586 issech the Protected (level 11, -8/74 HPs)
             Began as a Gnoll Wanderer on May 18, 2022.
             Was an Elder of Hepliaklqana.
             Mangled by an ice beast (14 damage)
             ... summoned by an ice statue
             ... in an ice cave.
             The game lasted 01:23:40 (14051 turns).

issech the Protected (Gnoll Wanderer)              Turns: 14051, Time: 01:23:43

Health: -8/74      AC: 22    Str: 15 (16) XL:     11   Next: 95%
Magic:  19/19      EV:  8    Int: 10 (13) God:    Hepliaklqana [****..]
Gold:   389        SH:  0    Dex: 19 (22) Spells: 23/23 levels left

rFire   + + .      SeeInvis +   L - +10 quick blade "Killer Bee's Regret" {vamp, rF+ Str+4 Int-5 SInv}
rCold   . . .      Faith    .   (no shield)
rNeg    + + +      Spirit   .   v - +0 plate armour
rPois   .          Reflect  .   m - +2 hat
rElec   .          Harm     .   Q - scarf {rC+ rF+}
rCorr   .          Rampage  .   W - +2 pair of gloves {hurl}
Will    +....                   w - +1 pair of boots
Stlth   ..........              M - amulet of regeneration
HPRegen 1.02/turn               P - +6 ring of intelligence
MPRegen 0.16/turn               p - ring of Fihiheq {Contam rC- rN+++ Will+ Dex+7}

@: mighty
A: reduced essence, fangs 1, strong nose, distributed training, horns 1, low MP
1
a: Renounce Religion, Recall Ancestor, Ancestor Identity, Transference, Idealise


You were in an ice cave.
You worshipped Hepliaklqana.
Hepliaklqana was greatly pleased with you.
You visited 2 branches of the dungeon, and saw 12 of its levels.
You also visited: Ossuary, Bailey and Ice Cave.

You collected 587 gold pieces.
You spent 198 gold pieces at shops.

Inventory:

Hand Weapons
 b - a +4 rapier
 g - a +2 dire flail
 r - a +4 hand axe of freezing
 x - a +0 arbalest of venom
 J - a +2 shortbow of freezing
 L - the +10 quick blade "Killer Bee's Regret" (weapon) {vamp, rF+ Str+4 Int-5 SInv}
   (You found it in a bailey)

   It occasionally heals its wielder for a portion of the damage dealt when it
   wounds a living foe.
   Str:       It affects your strength (+4).
   Int:       It affects your intelligence (-5).
   rF:        It protects you from fire.
   SInv:      It lets you see invisible.
 O - a +2 vorpal flail
 Y - a +3 flail
 Z - a +1 antimagic spear
Missiles
 d - 220 arrows
 i - 15 poisoned darts
 l - 264 stones
 q - 77 sling bullets
 t - 433 bolts
 C - 2 boomerangs (quivered)
 R - 8 curare-tipped darts
 X - 4 javelins
Armour
 a - a +0 ring mail of fire resistance
 m - a +2 hat (worn)
 n - an orb of energy
 v - a +0 plate armour (worn)
 w - a +1 pair of boots (worn)
 I - a +0 cloak
 Q - a scarf of resistance (worn)
 T - a +0 robe of resistance
 W - a +2 pair of gloves of hurling (worn)
Jewellery
 h - an amulet of guardian spirit
 p - the ring of Fihiheq (right hand) {Contam rC- rN+++ Will+ Dex+7}
   (You acquired it on level 9 of the Dungeon)

   [ring of willpower]

   Dex:       It affects your dexterity (+7).
   rC:        It makes you vulnerable to cold.
   rN:        It renders you almost immune to negative energy.
   Contam:    It causes magical contamination when unequipped.
   Will:      It increases your willpower.
 M - an amulet of regeneration (around neck)
 P - a +6 ring of intelligence (left hand)
 S - an amulet of the acrobat
Wands
 c - a wand of polymorph (3)
 k - a wand of acid (7)
 N - a wand of paralysis (9)
 U - a wand of digging (3)
Scrolls
 f - 5 scrolls of teleportation
 s - 3 scrolls of silence
 F - a scroll of fog
 G - 3 scrolls of fear
 V - a scroll of amnesia
Potions
 e - 5 potions of heal wounds
 j - a potion of lignification
 o - a potion of magic
 u - 3 potions of resistance {unknown}
 z - 5 potions of curing {unknown}
 A - a potion of cancellation
 B - 3 potions of flight {unknown}
 D - 2 potions of might
 H - a potion of mutation


   Skills:
 + Level 6.7 Fighting
 + Level 6.7 Short Blades
 + Level 6.7 Long Blades
 + Level 6.7 Axes
 + Level 8.2 Maces & Flails
 + Level 6.7 Polearms
 + Level 8.2 Staves
 + Level 6.7 Slings
 + Level 6.7 Bows
 + Level 6.7 Crossbows
 + Level 6.7 Throwing
 + Level 10.9 Armour
 + Level 8.2 Dodging
 + Level 6.7 Stealth
 + Level 6.7 Shields
 + Level 6.7 Unarmed Combat
 + Level 6.7 Spellcasting
 + Level 5.6 Conjurations
 + Level 5.6 Hexes
 + Level 5.6 Summonings
 + Level 5.6 Necromancy
 + Level 5.6 Translocations
 + Level 5.6 Transmutations
 + Level 5.6 Fire Magic
 + Level 5.6 Ice Magic
 + Level 5.6 Air Magic
 + Level 5.6 Earth Magic
 + Level 5.6 Poison Magic
 + Level 7.4 Invocations
 + Level 6.7 Evocations


You had 23 spell levels left.
You didn't know any spells.
Your spell library contained the following spells:

 Spells                   Type           Power      Damage    Failure   Level
 Corpse Rot               Necr/Air       28%        N/A       69%         2
 Poisonous Vapours        Pois/Air       28%        N/A       69%         2
 Gell's Gravitas          Tloc           14%        N/A       89%         3
 Lesser Beckoning         Tloc           14%        N/A       89%         3
 Stone Arrow              Conj/Erth      28%        3d8       89%         3
 Teleport Other           Tloc           14%        N/A       89%         3
 Animate Armour           Summ/Erth      28%        N/A       100%        4
 Animate Dead             Necr           7%         N/A       100%        4
 Summon Lightning Spire   Summ/Air       14%        N/A       100%        4
 Borgnjor's Vile Clutch   Necr/Erth      7%         N/A       100%        5
 Summon Forest            Summ/Tloc      7%         N/A       100%        5
 Death Channel            Necr           7%         N/A       100%        6
 Eringya's Noxious Bog    Tmut/Pois      7%         N/A       100%        6
 Storm Form               Tmut/Air       7%         N/A       100%        7
 Summon Hydra             Summ           7%         N/A       100%        7
 Lehudib's Crystal Spear  Conj/Erth      7%         10d3      100%        8
 Maxwell's Capacitive Co  Air            7%         ∞         100%        8


Dungeon Overview and Level Annotations

Branches:
Dungeon (11/15)            Temple (1/1) D:7            Lair (0/6) D:11
    Orc (0/2) D:11        Ossuary (visited)          Bailey (visited)
  IceCv (1/1)

Altars:
Ashenzari
Cheibriados
Dithmenos
Elyvilon
Fedhas
Gozag
Hepliaklqana
Kikubaaqudgha
Makhleb
Nemelex Xobeh
Okawaru
Qazlal
Ru
Sif Muna
Trog
Uskayaw
Vehumet
Wu Jian
Xom
Yredelemnul
Zin
The Shining One
Beogh

Shops:
D:3 :   D:4 (   D:9 [

Annotations:
D:10 2 transporters IceCv 1 transporter, exclusion: ice statue


Innate Abilities, Weirdness & Mutations

Your life essence is reduced to manifest your ancestor. (-10% HP)
You have very sharp teeth.
Your uncanny sense of smell can sniff out nearby items.
Your experience applies equally to all skills.
You have a pair of small horns on your head.
Your magical capacity is low. (-10% MP)


Message History

The ice statue gestures at you. The shard of ice hits you!!
* * * LOW HITPOINT WARNING * * *
You see here an ugly thing corpse.
Paser is engulfed in freezing vapours.
The ice statue glitters chillingly in the dim dungeon light.
The ice statue gestures.
Paser hits the ice statue with a +0 quarterstaff!
You hit the ice statue.
The ice statue is lightly damaged.
You completely miss the ice statue. You headbutt the ice statue.
The ice statue is lightly damaged.
Paser hits the ice statue with a +0 quarterstaff.
You puncture the ice statue!
The ice statue is moderately damaged.
You hit the ice statue but do no damage.
You headbutt the ice statue, but do no damage.
The ice statue is moderately damaged.
Paser gestures at the ice statue while chanting.
The stone arrow hits the ice statue.
You hit the ice statue.
The ice statue is moderately damaged.
The ice statue gestures.
The ice statue gestures at you. The bolt of cold misses you.
You puncture the ice statue! You headbutt the ice statue.
You bite the ice statue, but do no damage.
The ice statue is heavily damaged.
You puncture the ice statue!
You headbutt the ice statue, but do no damage.
You bite the ice statue.
The ice statue is severely damaged.
Paser hits the ice statue with a +0 quarterstaff.
You puncture the ice statue! You bite the ice statue.
You destroy the ice statue!
The ice statue gestures at you.
The freezing blast engulfs the ice beast.
The ice beast completely resists.
The ice beast hits you.
* * * LOW HITPOINT WARNING * * *
The ice beast freezes you!
You die...

#..8####........##
#...8##..........##
#8...8#...........#
#.R...#....8.......
#:Y°..#8...........
#?:.☼°#©©[....†∩.∩.
#☼☼§°.#8...........
#☼Y☼..#.)..8.......
#☼@§.8#...........#
#...8##..........##
#..8####........##
#©.## ###...####
#### #####


You could see the friendly Paser the battlemage, an ice statue (ally target) and
2 ice beasts.

Vanquished Creatures
  A two-headed ogre (D:10)
  An orange crystal statue (D:9)
  An orc knight (Bailey)
  2 ugly things (IceCv)
  A deep elf pyromancer (D:10)
  An ice statue (IceCv)
  A kobold demonologist (D:11)
  Sigmund (D:3)
  A shadow (D:9)
  5 yaks (D:8)
  2 wraiths
  A steam dragon (D:8)
  A warg (D:10)
  An acid dragon (D:9)
  An ice beast (D:7)
  A black bear (D:5)
  A necrophage (D:4)
  7 orc warriors
  2 ogres
  3 centaurs
  A phantom (D:5)
  A kobold brigand (D:11)
  2 bullfrogs (D:9)
  A gnoll sergeant (D:10)
  2 water moccasin zombies (D:5)
  A water moccasin skeleton (D:5)
  An elephant simulacrum (IceCv)
  5 killer bees
  A wight (D:9)
  4 howler monkeys
  2 bullfrog zombies (D:5)
  3 centaur zombies
  3 orc priests
  A hound (D:5)
  2 iguanas
  2 orc wizards
  Natasha (thrice) (D:3)
  A wolf simulacrum (IceCv)
  13 mummies (Ossuary)
  A howler monkey zombie (D:8)
  8 gnolls
  5 adders
  2 shadow imps (D:11)
  9 white imps (D:11)
  An ufetubus (D:6)
  An adder skeleton (D:4)
  5 worms
  2 dart slugs
  30 orcs
  7 ball pythons
  7 bats
  4 endoplasms
  4 giant cockroaches
  9 goblins
  3 hobgoblins
  5 jackals
  16 kobolds
  A quokka (D:5)
  5 frilled lizards
  A gnoll skeleton (Ossuary)
  A goblin skeleton (Ossuary)
  11 kobold skeletons
  4 kobold zombies (D:11)
  2 orc skeletons (Ossuary)
  5 rats
  11 rat skeletons (Ossuary)
  A bush (D:6)
245 creatures vanquished.

Vanquished Creatures (collateral kills)
  A boulder beetle (D:11)
  The ghost of ShadowYui the Basher, a novice HuFi of the Shining One (D:7)
  Maggie (D:6)
  A wyvern (D:7)
  A dire elephant simulacrum (IceCv)
  A wraith (D:10)
  2 yaks
  A steam dragon (D:7)
  3 water moccasins
  A black bear (D:7)
  7 orc warriors
  A sky beast (D:6)
  A necrophage (D:5)
  7 kobold brigands
  A gnoll sergeant (D:9)
  7 killer bees
  2 wights (D:9)
  A howler monkey (D:7)
  5 orc wizards
  An iguana (D:6)
  A polar bear simulacrum (IceCv)
  7 gnolls
  2 adders (D:6)
  3 white imps (D:11)
  An ufetubus (D:5)
  18 orcs
  15 kobolds
  4 kobold skeletons (D:11)
  3 kobold zombies (D:11)
100 creatures vanquished.

Vanquished Creatures (others)
  6 battlemagi
  2 gnolls (D:7)
  An ancestor (D:5)
  An orc (D:5)
  5 plants
15 creatures vanquished.

Grand Total: 360 creatures vanquished

Notes
Turn   | Place    | Note
-------+----------+-------------------------------------------
     0 | D:1      | issech the Gnoll Wanderer began the quest for the Orb.
     0 | D:1      | issech set off with the following items: a +0 vorpal
                  | quarterstaff, a +0 mace, a +0 scale mail
     0 | D:1      | Reached XP level 1. HP: 13/13 MP: 1/1
   295 | D:1      | Reached XP level 2. HP: 19/19 MP: 2/2
   667 | D:1      | Reached XP level 3. HP: 15/25 MP: 2/4
   788 | D:1      | Reached skill level 1 in Invocations
   997 | D:2      | Found a faded altar of an unknown god.
  1144 | D:2      | Reached skill level 1 in Fighting
  1144 | D:2      | Reached skill level 1 in Short Blades
  1144 | D:2      | Reached skill level 1 in Long Blades
  1144 | D:2      | Reached skill level 1 in Axes
  1144 | D:2      | Reached skill level 1 in Polearms
  1144 | D:2      | Reached skill level 1 in Slings
  1144 | D:2      | Reached skill level 1 in Bows
  1144 | D:2      | Reached skill level 1 in Crossbows
  1144 | D:2      | Reached skill level 1 in Throwing
  1144 | D:2      | Reached skill level 1 in Stealth
  1144 | D:2      | Reached skill level 1 in Shields
  1144 | D:2      | Reached skill level 1 in Unarmed Combat
  1144 | D:2      | Reached skill level 1 in Spellcasting
  1144 | D:2      | Reached skill level 1 in Evocations
  1479 | D:2      | Reached XP level 4. HP: 32/32 MP: 5/5
  1888 | D:3      | Noticed Sigmund
  1924 | D:3      | HP: 1/32 [Sigmund/+0 scythe (7)]
  1933 | D:3      | Killed Sigmund
  1934 | D:3      | Reached skill level 1 in Conjurations
  1934 | D:3      | Reached skill level 1 in Hexes
  1934 | D:3      | Reached skill level 1 in Summonings
  1934 | D:3      | Reached skill level 1 in Necromancy
  1934 | D:3      | Reached skill level 1 in Translocations
  1934 | D:3      | Reached skill level 1 in Transmutations
  1934 | D:3      | Reached skill level 1 in Fire Magic
  1934 | D:3      | Reached skill level 1 in Ice Magic
  1934 | D:3      | Reached skill level 1 in Air Magic
  1934 | D:3      | Reached skill level 1 in Earth Magic
  1934 | D:3      | Reached skill level 1 in Poison Magic
  1934 | D:3      | Reached XP level 5. HP: 3/38 MP: 1/7
  1934 | D:3      | Reached XP level 6. HP: 3/44 MP: 1/8
  2642 | D:3      | Reached skill level 5 in Maces & Flails
  2642 | D:3      | Reached skill level 5 in Staves
  2642 | D:3      | Reached skill level 5 in Dodging
  2773 | D:3      | Found a bloodstained altar of Trog.
  2888 | D:3      | Found a hazy altar of Hepliaklqana.
  2894 | D:3      | Became a worshipper of Hepliaklqana the Forgotten
  2985 | D:3      | Found Waqown's Book Emporium.
  2998 | D:3      | Noticed Natasha
  3007 | D:3      | Killed Natasha
  3104 | D:3      | Noticed Natasha
  3116 | D:3      | Killed Natasha
  3248 | D:4      | Found a sand-covered staircase.
  3253 | Ossuary  | Entered an ossuary
  3296 | Ossuary  | Reached XP level 7. HP: 29/50 MP: 5/10
  3438 | Ossuary  | HP: 2/50 [mummy (9)]
  4699 | D:4      | Found a radiant altar of Vehumet.
  4962 | D:4      | Reached skill level 9 in Armour
  5381 | D:3      | Noticed Natasha
  5389 | D:3      | Killed Natasha
  5710 | D:4      | Found Awouh's Weapon Emporium.
  5798 | D:4      | Reached XP level 8. HP: 57/57 MP: 12/12
  6057 | D:5      | Entered Level 5 of the Dungeon
  6101 | D:5      | Reached * piety under Hepliaklqana
  6381 | D:5      | Found a runed translucent door.
  7193 | D:5      | Reached XP level 9. HP: 58/58 MP: 14/14
  7333 | D:5      | Reached ** piety under Hepliaklqana
  7334 | D:5      | Remembered your ancestor Paser as a battlemage
  8052 | D:6      | Noticed Maggie
  8060 | D:6      | Killed Maggie
  8428 | D:6      | Found an iron altar of Okawaru.
  8430 | D:6      | Found a stormy altar of Qazlal.
  8431 | D:6      | Found a burning altar of Makhleb.
  8547 | D:6      | Reached skill level 5 in Invocations
  8711 | D:7      | Found a staircase to the Ecumenical Temple.
  8927 | D:7      | Reached XP level 10. HP: 59/65 MP: 17/17
  9091 | Temple   | Entered the Ecumenical Temple
  9214 | D:7      | Found a runed translucent gate.
  9214 | D:7      | Found a runed translucent gate.
  9217 | D:7      | Found a runed translucent gate.
  9221 | D:7      | Noticed ShadowYui's ghost (novice HuFi)
  9393 | D:7      | Reached skill level 5 in Fighting
  9393 | D:7      | Reached skill level 5 in Short Blades
  9393 | D:7      | Reached skill level 5 in Long Blades
  9393 | D:7      | Reached skill level 5 in Axes
  9393 | D:7      | Reached skill level 5 in Polearms
  9393 | D:7      | Reached skill level 5 in Slings
  9393 | D:7      | Reached skill level 5 in Bows
  9393 | D:7      | Reached skill level 5 in Crossbows
  9393 | D:7      | Reached skill level 5 in Throwing
  9393 | D:7      | Reached skill level 5 in Stealth
  9393 | D:7      | Reached skill level 5 in Shields
  9393 | D:7      | Reached skill level 5 in Unarmed Combat
  9393 | D:7      | Reached skill level 5 in Spellcasting
  9393 | D:7      | Reached skill level 5 in Evocations
  9679 | D:8      | Reached skill level 10 in Armour
  9775 | D:8      | Reached *** piety under Hepliaklqana
 10424 | D:7      | Killed ShadowYui's ghost
 10665 | D:9      | Found a flagged portal.
 10673 | Bailey   | Entered a bailey
 11328 | Bailey   | Identified the +10 quick blade "Killer Bee's Regret" {vamp,
                  | rF+ Str+4 Int-5 SInv}
 11337 | Bailey   | Noticed an orc knight
 11395 | Bailey   | Reached XP level 11. HP: 59/72 MP: 19/19
 11472 | Bailey   | Killed an orc knight
 11691 | D:9      | Acquired the ring of Fihiheq {Contam rC- rN+++ Will+ Dex+7}
 11718 | D:9      | Found Saxyith's Armour Shoppe.
 11768 | D:9      | Bought a +1 pair of gloves of hurling for 198 gold pieces
 11851 | D:9      | Noticed an orange crystal statue
 11852 | D:9      | Noticed a two-headed ogre
 11998 | D:9      | Reached skill level 5 in Conjurations
 11998 | D:9      | Reached skill level 5 in Hexes
 11998 | D:9      | Reached skill level 5 in Summonings
 11998 | D:9      | Reached skill level 5 in Necromancy
 11998 | D:9      | Reached skill level 5 in Translocations
 11998 | D:9      | Reached skill level 5 in Transmutations
 11998 | D:9      | Reached skill level 5 in Fire Magic
 11998 | D:9      | Reached skill level 5 in Ice Magic
 11998 | D:9      | Reached skill level 5 in Air Magic
 11998 | D:9      | Reached skill level 5 in Earth Magic
 11998 | D:9      | Reached skill level 5 in Poison Magic
 12234 | D:9      | Noticed a centaur warrior
 12365 | D:9      | Killed an orange crystal statue
 12653 | D:10     | Entered Level 10 of the Dungeon
 12674 | D:10     | Reached **** piety under Hepliaklqana
 12927 | D:10     | Found an ancient bone altar of Kikubaaqudgha.
 13201 | D:10     | Noticed a deep elf pyromancer
 13216 | D:10     | Killed a deep elf pyromancer
 13325 | D:10     | Noticed a two-headed ogre
 13330 | D:10     | Killed a two-headed ogre
 13388 | D:10     | Found a transporter.
 13389 | D:10     | Found a transporter.
 13389 | D:10     | Noticed a boulder beetle
 13568 | D:11     | Noticed a two-headed ogre
 13658 | D:11     | Found an ancient bone altar of Kikubaaqudgha.
 13734 | D:11     | Noticed a boulder beetle
 13808 | D:11     | Found a frozen archway.
 13822 | D:11     | Killed a boulder beetle
 13827 | IceCv    | Entered an ice cave
 13827 | IceCv    | Noticed a white ugly thing
 13841 | IceCv    | Killed a white ugly thing
 13884 | IceCv    | Found a transporter.
 13889 | IceCv    | Noticed a white ugly thing
 13907 | IceCv    | Found a transporter.
 14026 | IceCv    | Gained mutation: You have a pair of small horns on your
                  | head. [potion of mutation]
 14026 | IceCv    | Gained mutation: Your magical capacity is low. (-10% MP)
                  | [potion of mutation]
 14040 | IceCv    | Killed a white ugly thing
 14041 | IceCv    | HP: 3/74 [ice statue/shard of ice (27)]
 14051 | IceCv    | Mangled by an ice beast

Illustrated notes

Levels and vault maps discovered:
D:1:      lordsloth_arrival_two_stooges, layout_basic, minmay_hexomino_f4
D:2:      layout_rooms, serial_bayou, serial_bayou_shore_a, serial_bayou_ford_a,
          serial_bayou_pond_b, serial_bayou_lagoon_a, serial_bayou_crossing,
          ebering_ecumenical_altar_mist
D:3:      layout_rooms, mainiacjoe_overflow_concentric_impassable,
          nicolae_hepliaklqana_hippocampus, serial_shops, shop,
          minmay_pentomino_pile, uniq_sigmund, uniq_natasha
D:4:      layout_basic, lemuel_doored_altar, nicolae_ossuary_entry_plus,
          serial_shops, shop, serial_bayou_pond_a, small_statue_intersection
D:5:      layout_layer_cave, lightli_church_of_beogh
D:6:      layout_basic, gammafunk_temple_overflow_forgotten, uniq_maggie
D:7:      layout_cave_pools, minmay_temple_entry_glass,
          ebering_ghost_rock_garden, lemuel_flame_loot_1
D:8:      hellmonk_warped_wall, layout_loops_cross
D:9:      layout_roguey, serial_shops,
          nicolae_shop_temple_entry_statues_fountains, enter_bailey_2,
          minivault_16
D:10:     gammafunk_boulding_lane, layout_loops_ring, kennysheep_mini_moat
D:11:     wander_kiku_kobolds, layout_rooms, erik_lair_dragon, david_orc_3,
          ebering_ghost_xom, portal_ice_cave_entry_imps,
          cheibrodos_ashenzari_chains
Temple:   nicolae_temple_no_exploring_needed
IceCv:    ice_cave_statue_garden_transporter

Skill      XL: |  1  2  3  4  5  6  7  8  9 10 11 |
---------------+----------------------------------+-----
Invocations    | 1 2 3 4 5 6 7 |  7.4
Fighting       | 1 2 3 4 5 6 |  6.7
Short Blades   | 1 2 3 4 5 6 |  6.7
Long Blades    | 1 2 3 4 5 6 |  6.7
Axes           | 1 2 3 4 5 6 |  6.7
Polearms       | 1 2 3 4 5 6 |  6.7
Slings         | 1 2 3 4 5 6 |  6.7
Bows           | 1 2 3 4 5 6 |  6.7
Crossbows      | 1 2 3 4 5 6 |  6.7
Throwing       | 1 2 3 4 5 6 |  6.7
Stealth        | 1 2 3 4 5 6 |  6.7
Shields        | 1 2 3 4 5 6 |  6.7
Unarmed Combat | 1 2 3 4 5 6 |  6.7
Spellcasting   | 1 2 3 4 5 6 |  6.7
Evocations     | 1 2 3 4 5 6 |  6.7
Conjurations   | 1 2 3 4 5 |  5.6
Hexes          | 1 2 3 4 5 |  5.6
Summonings     | 1 2 3 4 5 |  5.6
Necromancy     | 1 2 3 4 5 |  5.6
Translocations | 1 2 3 4 5 |  5.6
Transmutations | 1 2 3 4 5 |  5.6
Fire Magic     | 1 2 3 4 5 |  5.6
Ice Magic      | 1 2 3 4 5 |  5.6
Air Magic      | 1 2 3 4 5 |  5.6
Earth Magic    | 1 2 3 4 5 |  5.6
Poison Magic   | 1 2 3 4 5 |  5.6
Maces & Flails | 5 6 7 8 |  8.2
Staves         | 5 6 7 8 |  8.2
Dodging        | 5 6 7 8 |  8.2
Armour         | 9 10 | 10.9

Action                   |  1- 3 |  4- 6 |  7- 9 | 10-12 || total
-------------------------+-------+-------+-------+-------++-------
Melee: Quarterstaff      |    48 |     6 |   380 |    19 ||   453
       Bite              |    10 |    13 |    55 |    63 ||   141
       Spear             |    52 |   163 |       |       ||   215
       Punch             |     1 |       |       |    13 ||    14
       Flail             |       |       |       |    83 ||    83
       Dire flail        |       |       |       |    12 ||    12
       Quick blade       |       |       |       |   274 ||   274
       Headbutt          |       |       |       |     6 ||     6
 Fire: Arbalest          |       |       |       |    66 ||    66
       Shortbow          |       |       |       |    15 ||    15
Throw: Boomerang         |     8 |       |    72 |    90 ||   170
       Dart              |     2 |       |     7 |     2 ||    11
       Stone             |       |       |     8 |       ||     8
       Javelin           |       |       |    15 |       ||    15
Invok: Ancestor Life: Ba |       |       |     1 |       ||     1
Evoke: Wand              |       |       |     1 |       ||     1
  Use: Scroll            |       |     1 |     4 |    14 ||    19
       Potion            |       |       |       |     7 ||     7
 Stab: Distracted        |       |       |       |     4 ||     4
       Invisible         |       |       |       |     1 ||     1
Armor: Scale mail        |    64 |     2 |       |       ||    66
       Plate armour      |       |   107 |   280 |   230 ||   617
       Skin              |       |     1 |       |       ||     1
Dodge: Dodged            |    65 |    34 |    87 |   144 ||   330
